 Dungeon Crawl Stone Soup version 0.28.0-1-gb440e238dd (webtiles) character file.

Game seed: 7346939250662346715

208 sanka the Poker (level 5, -5/35 HPs)
             Began as a Merfolk Conjurer on Feb 21, 2022.
             Slain by a bullfrog (7 damage)
             ... in a sewer.
             The game lasted 00:05:56 (3353 turns).

sanka the Poker (Merfolk Conjurer)                  Turns: 3353, Time: 00:05:56

Health: -5/35      AC:  3    Str:  6    XL:     5   Next: 86%
Magic:  2/8        EV: 15    Int: 17    God:
Gold:   55         SH:  0    Dex: 14    Spells: 5/8 levels left

rFire   . . .      SeeInvis .   e - +0 spear (freeze)
rCold   . . .      Faith    .   (no shield)
rNeg    . . .      Spirit   .   a - +0 robe
rPois   .          Reflect  .   (no helmet)
rElec   .          Harm     .   (no cloak)
rCorr   .          Rampage  .   c - +0 pair of gloves
Will    .....                   (boots currently unavailable)
Stlth   +++.......              (no amulet)
HPRegen 0.11/turn               (no ring)
MPRegen 0.11/turn               (no ring)

@: very quick
A: nimble swimmer 2, mertail, deterioration 1, weak 1, subdued magic 1
a: no special abilities


You were in a sewer.
You visited 1 branch of the dungeon, and saw 3 of its levels.
You also visited: Sewer.

You collected 55 gold pieces.

Inventory:

Hand Weapons
 e - a +0 spear of freezing (weapon)
Armour
 a - a +0 robe (worn)
 c - a +0 pair of gloves (worn)
 i - the +1 pair of gloves of Gallantry {-Cast Rampage rCorr Dex+5}
   (You found it on level 2 of the Dungeon)

   Dex:       It affects your dexterity (+5).
   -Cast:     It prevents spellcasting.
   rCorr:     It protects you from acid and corrosion.
   Rampage:   It bestows one free step when moving towards enemies.
Scrolls
 d - a scroll of fog
 j - a scroll of silence {unknown}
 k - a scroll of noise {unknown}


   Skills:
 + Level 6.8 Polearms
 - Level 2.6 Dodging
 - Level 2.1 Stealth
 - Level 2.0 Spellcasting
 - Level 4.0 Conjurations


You had 5 spell levels left.
You knew the following spells:

 Your Spells              Type           Power      Damage    Failure   Level
a - Magic Dart            Conj           44%        1d5       2%          1
b - Searing Ray           Conj           22%        2d5       4%          2

Your spell library contained the following spells:

 Spells                   Type           Power      Damage    Failure   Level
 Summon Small Mammal      Summ           4%         N/A       16%         1
 Dazzling Flash           Conj/Hex       12%        N/A       22%         3
 Call Canine Familiar     Summ           1%         N/A       45%         3
 Summon Guardian Golem    Hex/Summ       1%         N/A       45%         3
 Fulminant Prism          Conj/Hex       3%         3d6       58%         4
 Iskenderun's Mystic Bla  Conj/Tloc      6%         2d4       58%         4


Dungeon Overview and Level Annotations

Branches:
Dungeon (3/15)              Sewer (1/1)

Altars:


Innate Abilities, Weirdness & Mutations

You are very nimble when in or above water. (Stealth+, EV+, Speed+++)
Your lower body shifts to a powerful aquatic tail in water.
Your body sometimes deteriorates upon taking damage.
You are weak. (Str -2)
Your spells are a little easier to cast, but a little less powerful.


Message History

The bullfrog misses you. x3
Casting: Searing Ray (safe; 4% risk of failure)
Confirm with . or Enter, or press ? or * to list all spells.
Aiming: Searing Ray (safe; 4% risk of failure)
Press: ? - help, Shift-Dir - straight line, f/p - bullfrog
Aim: a bullfrog (almost dead, 70% to hit)
The searing ray hits the bullfrog.
You kill the bullfrog! (Press . to maintain the ray.)
The bullfrog hits you. The bullfrog barely misses you.
You feel your dexterity returning.
Your Polearms skill increases to level 6!
Unknown command.
You aren't carrying any potions.
As you read the scroll labelled OLUEMU COPT, it crumbles to dust.
It is a scroll of identify.
d - a scroll of fog The bullfrog closely misses you.
As you read the scroll labelled FOQEJO HIOPP, it crumbles to dust.
It is a scroll of brand weapon.
Your +0 spear is covered with a thin layer of ice!
e - a +0 spear of freezing (weapon)
The bullfrog closely misses you. The bullfrog hits you.
* * * LOW HITPOINT WARNING * * *
You barely miss the bullfrog. The bullfrog completely misses you.
You hit the bullfrog.
The bullfrog seems to slow down.
You freeze the bullfrog.
Your tail-slap misses the bullfrog.
The bullfrog is lightly wounded.
The bullfrog hits you.
* * * LOW HITPOINT WARNING * * *
You barely miss the bullfrog.
Your tail-slap misses the bullfrog.
The bullfrog is lightly wounded.
The bullfrog closely misses you.
You hit the bullfrog.
The bullfrog seems to slow down.
You freeze the bullfrog. You tail-slap the bullfrog.
The bullfrog is heavily wounded.
You hit the bullfrog.
The bullfrog seems to slow down.
You freeze the bullfrog.
The bullfrog is heavily wounded.
The bullfrog hits you!
You die...

##≈≈≈##≈≈≈..≈≈≈≈≈≈##†≈≈##.≈≈#
#.≈.≈#≈≈≈.[[?.≈≈≈≈ #≈≈≈.#≈..#
#≈≈≈≈#≈..?!?.≈≈≈≈≈ #†≈≈≈#≈≈≈#
#≈≈≈≈#≈≈.≈F≈≈.≈≈≈≈ #.≈≈.#≈≈≈#
##≈≈≈#....≈≈≈≈.≈≈≈##≈≈≈##≈..#
.#≈.≈#≈...≈≈≈≈≈≈≈##≈≈.≈#≈≈≈.#
.##≈≈##††#≈≈≈≈≈###≈≈.≈##≈≈≈##
.≈##÷≈#≈≈#######≈≈.≈≈##≈≈≈.#
.≈≈#≈≈##≈..≈≈≈≈†@.≈###≈≈..##
.≈≈÷≈≈.#..≈≈≈≈≈F####≈≈≈≈≈##
###÷≈≈#######≈∩≈#.≈≈≈≈≈≈##
##≈≈#≈.≈≈≈#####≈.≈≈#####
####≈≈≈.≈≈≈≈≈≈≈####.≈∩#
#≈..#########≈....#
#≈.††..≈.≈†...∩.#
#≈≈≈≈≈.≈≈≈≈.#####
#############


You could see a bullfrog (slow).

Vanquished Creatures
  A bullfrog (Sewer)
  5 adders (Sewer)
  13 ball pythons
  4 bats
  14 endoplasms
  14 giant cockroaches
  4 goblins
  5 hobgoblins
  14 quokkas
  6 frilled lizards
  3 kobolds
  2 rats
85 creatures vanquished.

Notes
Turn   | Place    | Note
-------+----------+-------------------------------------------
     0 | D:1      | sanka the Merfolk Conjurer began the quest for the Orb.
     0 | D:1      | Reached XP level 1. HP: 13/13 MP: 3/3
   249 | D:1      | Reached XP level 2. HP: 19/19 MP: 3/5
   798 | D:1      | Reached skill level 1 in Polearms
   806 | D:1      | Reached XP level 3. HP: 23/24 MP: 1/6
  1235 | D:2      | Identified the +1 pair of gloves of Gallantry {-Cast
                  | Rampage rCorr Dex+5}
  1575 | D:2      | Reached skill level 2 in Polearms
  1745 | D:2      | Learned a level 2 spell: Searing Ray
  1947 | D:3      | Found a glowing drain.
  1956 | Sewer    | Entered a sewer
  1986 | Sewer    | HP: 1/24 [frilled lizard (3)]
  1987 | Sewer    | Reached skill level 3 in Polearms
  1987 | Sewer    | Reached XP level 4. HP: 2/30 MP: 7/7
  1987 | Sewer    | Gained mutation: You are weak. (Str -2) [potion of
                  | mutation]
  1987 | Sewer    | Gained mutation: You are frail. (-10% HP) [potion of
                  | mutation]
  1987 | Sewer    | Gained mutation: Your system is resistant to poisons.
                  | (rPois) [potion of mutation]
  1992 | Sewer    | Lost mutation: You are frail. (-10% HP) [potion of
                  | mutation]
  1992 | Sewer    | Lost mutation: Your system is resistant to poisons. (rPois)
                  | [potion of mutation]
  1992 | Sewer    | Gained mutation: You have hidden genetic defects. [potion
                  | of mutation]
  2479 | Sewer    | Gained mutation: Your spells are a little easier to cast,
                  | but a little less powerful. [hidden defects]
  2498 | Sewer    | Reached skill level 4 in Polearms
  2578 | Sewer    | Gained mutation: Your body sometimes deteriorates upon
                  | taking damage. [hidden defects]
  2578 | Sewer    | Lost mutation: You have hidden genetic defects. [hidden
                  | defects expressed]
  3033 | Sewer    | Reached skill level 5 in Polearms
  3098 | Sewer    | Reached XP level 5. HP: 35/35 MP: 8/8
  3347 | Sewer    | Reached skill level 6 in Polearms
  3353 | Sewer    | Slain by a bullfrog

Illustrated notes

Levels and vault maps discovered:
D:1:      lightli_arrival_noodles, layout_loops_ring, serial_bayou_crossing
D:2:      layout_loops_ring, serial_glass, glass_columns_c, glass_columns_a,
          glass_columns_a, glass_columns_b, nicolae_underground_beach
D:3:      layout_rooms, dilly_ecumenical_altar_fadedgnrine,
          cheibrodos_sewer_entry_drain
Sewer:    sewer_frog_island_02

Skill      XL: |  1  2  3  4  5 |
---------------+----------------+-----
Polearms       | 1 3 5 6 |  6.8
Conjurations   | 4 |  4.0
Dodging        | |  2.6
Stealth        | |  2.1
Spellcasting   | |  2.0

Action                   |  1- 3 |  4- 6 || total
-------------------------+-------+-------++-------
Melee: Unarmed           |    16 |       ||    16
       Punch             |     1 |     4 ||     5
       Spear             |   113 |   211 ||   324
       Tailslap          |     2 |    25 ||    27
 Cast: Magic Dart        |    29 |       ||    29
       Searing Ray       |       |     2 ||     2
  Use: Potion            |       |     3 ||     3
       Scroll            |       |     2 ||     2
 Stab: Sleeping          |     5 |     8 ||    13
       Distracted        |     1 |       ||     1
Armor: Robe              |    35 |    35 ||    70
Dodge: Dodged            |    96 |   144 ||   240
